 Dungeon Crawl Stone Soup version 0.20.1-1-g8b1a95d (webtiles) character file.

172 Jawreze the Ducker (level 5, 39/39 HPs)
             Began as a Merfolk Ice Elementalist on Sept 17, 2017.
             Quit the game on level 2 of the Dungeon.
             The game lasted 00:12:42 (3062 turns).

Jawreze the Ducker (Merfolk Ice Elementalist)       Turns: 3062, Time: 00:12:43

Health: 39/39      AC:  4    Str:  8      XL:     5   Next: 52%
Magic:  8/8        EV: 14    Int: 16      God:
Gold:   73         SH:  0    Dex: 12 (14) Spells: 1/8 levels left

rFire    . . .     SeeInvis .   n - +1 dagger (speed)
rCold    . . .     Gourm    .   (no shield)
rNeg     . . .     Faith    .   a - +0 robe
rPois    .         Spirit   .   j - +1 helmet
rElec    .         Reflect  .   (no cloak)
rCorr    .         Harm     .   (no gloves)
MR       .....                  (no boots)
Stlth    ++........             (no amulet)
Regen    0.2/turn               (no ring)
MPRegen  0.2/turn               (no ring)

@: no status effects
A: change form in water, swift swim, stealthy swim
a: no special abilities


You were on level 2 of the Dungeon.
You were hungry.

You visited 1 branch of the dungeon, and saw 3 of its levels.

You collected 73 gold pieces.

Inventory:

Hand Weapons
 n - a +1 dagger of speed (weapon)
Armour
 a - a +0 robe (worn)
 j - a +1 helmet (worn)
Jewellery
 h - a cursed amulet of inaccuracy {unknown}
 i - an uncursed ring of poison resistance {unknown}
 q - a +3 ring of strength {unknown}
Scrolls
 d - a scroll of blinking {unknown}
 e - 3 scrolls of identify {unknown}
 f - a scroll of enchant armour {unknown}
 g - a scroll of teleportation {unknown}
 k - 2 scrolls of noise {unknown}
 o - a scroll of recharging {unknown}
Potions
 l - a potion of mutation {unknown}
Books
 b - a book of Frost

   Spells                             Type                      Level
   a - Freeze                         Ice                          1
   b - Throw Frost                    Conjuration/Ice              2
   c - Ozocubu's Armour               Charms/Ice                   3
   d - Throw Icicle                   Conjuration/Ice              4
   e - Summon Ice Beast               Ice/Summoning                4
Comestibles
 c - a bread ration
 m - a meat ration
 p - 7 chunks of flesh


   Skills:
 + Level 2.5 Fighting
 * Level 5.2 Dodging
 - Level 2.1 Stealth
 - Level 2.0 Spellcasting
 + Level 0.8 Conjurations
 + Level 4.4 Ice Magic


You had one spell level left.
You knew the following spells:

 Your Spells              Type           Power        Failure   Level  Hunger
a - Freeze                Ice            ###.         3%          1    #......
b - Throw Frost           Conj/Ice       ##....       11%         2    ###....
c - Throw Icicle          Conj/Ice       ##......     56%         4    #####..


Dungeon Overview and Level Annotations

Branches:
Dungeon (3/15)

Altars:
Ashenzari
Ru

Annotations:
D:3 kae's ghost, amateur GrBe


Message History

You hit the hobgoblin.
You kill the hobgoblin!
There is an open door here.
Number of times to repeat, then command key: You must enter the number of times for the command to repeat.
You are feeling hungry.
Things that are here:
a dagger; a kobold corpse
There is a stone staircase leading down here.
There is an open door here.
You see here a stone.
You see here a trident.
You see here a short sword.
Some of the chunks of flesh in your inventory have rotted away.
Things that are here:
a dagger; a robe
There is a stone staircase leading up here.
You climb upwards.
There is a stone staircase leading down here.
Are you sure you want to abandon this character and quit the game? (Confirm with "yes".)

#...#####....)...############.#
#.#.##.......#.............##.#
#............#.###########.##.#
###.##.......#.# #.##.#
#####.##.......#.# #....#
.[..#.##.........# #..###
....#.##......#..# #..#
.......#......#..# #..#
.......+......##@# #..#
.......#########.# #..#
#####.## ######.###### #..# #.#
#...........# #..# #.#
#...........######..# #.#
###...................#
#.###.....................#
#.................###.##.##
#..###'###........# #.##.#


There were no monsters in sight!

Vanquished Creatures
  An orc wizard (D:3)
  An orc priest (D:3)
  Robin (D:1)
  2 adders (D:2)
  4 dart slugs
  A leopard gecko (D:2)
  3 orcs (D:3)
  7 bats
  3 giant cockroaches
  13 goblins
  8 hobgoblins
  4 jackals (D:3)
  A quokka (D:2)
  2 ball pythons (D:2)
  7 frilled lizards
  7 kobolds
  6 rats
71 creatures vanquished.

Notes
Turn   | Place    | Note
-------+----------+-------------------------------------------
     0 | D:1      | Jawreze the Merfolk Ice Elementalist began the quest for the Orb.
     0 | D:1      | Reached XP level 1. HP: 13/13 MP: 3/3
    87 | D:1      | Reached skill level 3 in Dodging
   251 | D:1      | Reached XP level 2. HP: 20/20 MP: 3/5
   480 | D:1      | Reached skill level 1 in Fighting
   790 | D:1      | Reached XP level 3. HP: 26/26 MP: 4/6
  1071 | D:2      | Found a shattered altar of Ashenzari.
  1104 | D:2      | Learned a level 2 spell: Throw Frost
  1201 | D:2      | Noticed Robin
  1274 | D:1      | Reached skill level 4 in Dodging
  1359 | D:2      | Reached XP level 4. HP: 33/33 MP: 2/7
  1731 | D:1      | Killed Robin
  1942 | D:2      | Found a sacrificial altar of Ru.
  2577 | D:3      | Reached skill level 5 in Dodging
  2577 | D:3      | Reached XP level 5. HP: 25/38 MP: 3/8
  2828 | D:3      | Learned a level 4 spell: Throw Icicle
  2994 | D:3      | Noticed kae's ghost (amateur GrBe)
  3062 | D:2      | Quit the game

Skill      XL: |  1  2  3  4 |
---------------+-------------+-----
Dodging        | 3 4 5 |  5.2
Fighting       | 1 2 |  2.5
Ice Magic      | 4 |  4.4
Stealth        | |  2.1
Spellcasting   | |  2.0
Conjurations   | |  0.8

Action                   |  1- 3 |  4- 6 || total
-------------------------+-------+-------++-------
Melee: Unarmed           |    14 |       ||    14
       Dagger            |       |    33 ||    33
 Cast: Freeze            |    51 |    45 ||    96
       Throw Frost       |     6 |     7 ||    13
  Use: Potion            |       |     2 ||     2
 Stab: Distracted        |       |     1 ||     1
  Eat: Chunk             |     3 |     6 ||     9
Armor: Robe              |     6 |    27 ||    33
Dodge: Dodged            |    24 |    72 ||    96
